 Dungeon Crawl Stone Soup version 0.31-a0-263-ge8cad7f256 (webtiles) character file.

Game seed: 1132505229253245063

304 Monkooky the Insei (level 6, -8/43 HPs)
             Began as a Djinni Shapeshifter on July 14, 2023.
             Killed by divine providence
             ... invoked by an orc priest
              (12 damage)
             ... on level 3 of the Dungeon.
             The game lasted 00:02:50 (2241 turns).

Monkooky the Insei (Djinni Shapeshifter)            Turns: 2241, Time: 00:02:51

Health: -8/43      AC:  2    Str: 14    XL:     6   Next: 66%
Gold:   119        EV: 12    Int:  9    God:
                   SH:  0    Dex: 16

rFire   + +          .
                       - Unarmed
rCold   x . .        (no shield)
rNeg    . . .        a - +0 animal skin
rPois   ∞            (helmet currently unavailable)
rElec   .            (cloak currently unavailable)
rCorr   .            (gloves currently unavailable)
SInv    .            (boots unavailable)
Will    .....        (no amulet)
Stlth   +            (no ring)
HPRegen 0.27/turn    (no ring)
MPRegen 0.00/turn

%: infuse magic (-9 HP)
@: beast-form, flying
A: beast (slay +1), flying, sickness immunity, fire resistance 2, cold
vulnerability 1, float, innate caster, HP casting, extra vitality 1
a: Begin Untransformation


You were on level 3 of the Dungeon.
You were a hulking beast.
You visited 1 branch of the dungeon, and saw 3 of its levels.

You collected 119 gold pieces.

Inventory:

Armour
 a - a +0 animal skin (worn)
 i - a +0 hat
Talismans
 c - a beast talisman
Scrolls
 d - a scroll of noise {unknown}
 e - a scroll of poison {unknown}
 g - a scroll of enchant armour {unknown}
 h - a scroll of identify {unknown}
Potions
 f - a potion of curing {unknown}
 j - a potion of degeneration {unknown}
 k - a potion of berserk rage {unknown}
 l - 2 potions of attraction {unknown}
 m - a potion of resistance {unknown}


   Skills:
 - Level 2.0 Fighting
 - Level 2.1 Dodging
 + Level 6.5 Unarmed Combat
 - Level 2.6 Shapeshifting


You knew the following spells:

 Your Spells              Type           Power      Damage    Failure   Level
a - Slow                  Hex            0%         N/A       38%         1
b - Lesser Beckoning      Tloc           0%         N/A       52%         2
Your spell library was empty.

Dungeon Overview and Level Annotations

Branches:
Dungeon (3/15)

Altars:


Innate Abilities, Weirdness & Mutations

You are a hulking beast.
Your limbs bulge with bestial killing power. (Slay +1)
You are flying.
You are immune to sickness and miasma.
You are immune to poison.
Your flesh is very heat resistant. (rF++)
You are vulnerable to cold. (rC-)
You float through the air rather than walking.
You learn spells naturally, not from books.
Your magical power is your life essence.
You have superior vitality. (+4 MHP)


Message History

No target in view!
You see here a +0 dagger.
You reach down and open the door.
There is an open door here.
You reach down and open the door.
There is an open door here.
An orc comes into view. It is wielding a +0 trident.
An orc is nearby! 3 orcs come into view.
Found 19 gold pieces.
The orc shouts! x2
The orc moves out of view.
You hear a shout!
The orc shouts!
An orc priest comes into view. It is wielding a +0 mace.
The orc priest shouts!
The orc priest moves out of view.
You punch the orc!
You kill the orc!
The orc priest looks satisfied for a moment.
The orc hits you but does no damage.
Things that are here:
a +0 flail; a +0 leather armour You completely miss the orc.
The orc priest mumbles some strange prayers to Beogh against you.
Beogh smites you! The orc hits you with a +0 trident.
You hit the orc.
The orc is moderately wounded.
The orc barely misses you.
You barely miss the orc.
The orc is moderately wounded.
The orc hits you with a +0 trident. The orc attacks as you move away!
The orc hits you with a +0 trident. The orc misses you.
There is an open door here.
The orc priest invokes the aid of Beogh against you.
Beogh smites you!
* * * LOW HITPOINT WARNING * * *
The orc priest invokes the aid of Beogh against you.
Beogh smites you!
You die...

#.#######.#####
#.#.†..<#.....#
#.#.#####.....#
#.#.....'.....#
#.#######.....## ##
#............... ..
########......######## ..
########....###......######).
..
#...oo.'oo..h.............+>.
.o
#.######....####.##########..
o.###.#
#....####.##......##.. #)..$#
#######.).)...........
#..#### #...........##.. #.##
+......)...###.. ..
#.....####.# #.# .# #.....#
#.# #.# . #.....# #.# #.#


You could see an orc priest and 2 orcs.

Vanquished Creatures
  Grinder (D:3)
  Robin (D:2)
  3 adders
  A worm (D:2)
  2 dart slugs
  2 orcs (D:3)
  A ball python (D:3)
  6 endoplasms
  2 giant cockroaches (D:1)
  12 goblins
  8 hobgoblins
  4 jackals (D:2)
  2 quokkas (D:2)
  A frilled lizard (D:3)
  A kobold (D:1)
  5 rats
52 creatures vanquished.

Notes
Turn   | Place    | Note
-------+----------+-------------------------------------------
     0 | D:1      | Monkooky the Djinni Shapeshifter began the quest for the
                  | Orb.
     0 | D:1      | Reached XP level 1. HP: 18/18 MP: 0/0
   270 | D:1      | Reached XP level 2. HP: 20/23 MP: 0/0
   506 | D:1      | Reached skill level 3 in Unarmed Combat
   748 | D:2      | Reached XP level 3. HP: 28/28 MP: 0/0
   748 | D:2      | Learned a level 1 spell: Slow
  1285 | D:2      | Noticed Robin
  1315 | D:2      | Killed Robin
  1316 | D:2      | Reached skill level 4 in Unarmed Combat
  1316 | D:2      | Reached XP level 4. HP: 11/33 MP: 0/0
  1916 | D:3      | Noticed Grinder
  1998 | D:3      | Paralysed by Grinder for 2 turns
  2013 | D:3      | Paralysed by Grinder for 5 turns
  2022 | D:3      | Killed Grinder
  2023 | D:3      | Reached skill level 6 in Unarmed Combat
  2023 | D:3      | Reached XP level 5. HP: 32/38 MP: 0/0
  2023 | D:3      | Learned a level 2 spell: Lesser Beckoning
  2023 | D:3      | Reached XP level 6. HP: 36/43 MP: 0/0
  2130 | D:3      | Identified the +2 hand axe of Duagubot {heavy, *Noise rC+
                  | Str+5}
  2241 | D:3      | Killed from afar by an orc priest

Illustrated notes

Levels and vault maps discovered:
D:1:      dpeg_chamrin_arrival_tetris, layout_basic
D:2:      layout_basic, chequers_serial_rivers_small_a, uniq_robin
D:3:      layout_basic, serial_shops, nicolae_shop_trees, uniq_grinder

Skill      XL: |  1  2  3  4 |
---------------+-------------+-----
Unarmed Combat | 3 4 6 |  6.5
Fighting       | |  2.0
Dodging        | |  2.1
Shapeshifting  | |  2.6

Action                     |  1- 3 |  4- 6 || total
---------------------------+-------+-------++-------
  Melee: Unarmed           |   101 |    88 ||   189
         Punch             |     3 |     1 ||     4
    Use: Potion            |       |     1 ||     1
   Stab: Sleeping          |     2 |       ||     2
 Armour: Animal skin       |    12 |     8 ||    20
         Skin              |       |     6 ||     6
  Dodge: Dodged            |    60 |    50 ||   110

Table legend: (Time is in decaauts)
 A = Elapsed time spent in this place.
 B = Non-inter-level travel time spent in this place.
 C = Inter-level travel time spent in this place.
 D = Time resting spent in this place.
 E = Time spent auto-exploring this place.
 F = Levels seen in this place.
 G = Mean time per level.
                   A        B        C        D        E       F      G
               +--------+--------+--------+--------+--------+-----+--------+
         Total |   2228 |   2162 |     66 |    115 |   1657 |   3 |  742.7 |
       Dungeon |   2228 |   2162 |     66 |    115 |   1657 |   3 |  742.7 |
               +--------+--------+--------+--------+--------+-----+--------+

Top non-repeatable levels by time:
     D:2: 1223 daAuts
     D:1: 720 daAuts
     D:3: 284 daAuts
